[Event "ICCopen2017"]
[Site "Internet Chess Club"]
[Date "2017.04.02"]
[Round "10"]
[White "blackhole1"]
[Black "RWu"]
[Result "0-1"]
[ICCResult "White resigns"]
[WhiteElo "1539"]
[BlackElo "1772"]
[Opening "King's Indian defense"]
[ECO "D70"]
[NIC "KI.80"]
[Time "20:55:00"]
[TimeControl "180+0"]

1. d4 Nf6 2. c4 g6 3. e3 d5 4. Nf3 Bg7 5. cxd5 Nxd5 6. a3 O-O 7. Be2 Nc6 8.
O-O e5 9. b4 exd4 10. exd4 Bg4 11. Bb2 Nf4 12. Ne5 Bxe2 13. Qd2 Bxf1 14.
Qxf4 Nxe5 15. dxe5 Ba6 16. Nc3 Qe7 17. Re1 Rad8 18. h3 c5 19. b5 Rd4 20. Qg3
Rd2 21. Ba1 Bxb5 22. Nxb5 a6 23. Nc3 Rfd8 24. Ne4 Rd1 25. f3 Bxe5 26. Bxe5
Rxe1+ 27. Qxe1 Qxe5 28. Qc1 Qd4+ 29. Kh2 c4 30. Qg5 c3 31. Nf6+ Kh8 32. Qh4
Qxh4 {White resigns} 0-1

[Event "ICCopen2017"]
[Site "Internet Chess Club"]
[Date "2017.04.02"]
[Round "10"]
[White "Darnoc"]
[Black "TerryR"]
[Result "1-0"]
[ICCResult "Black resigns"]
[WhiteElo "2883"]
[BlackElo "2677"]
[Opening "Nimzo-Indian: classical, Noa variation"]
[ECO "E34"]
[NIC "NI.23"]
[Time "20:55:41"]
[TimeControl "180+0"]

1. d4 Nf6 2. c4 e6 3. Nc3 Bb4 4. Qc2 d5 5. cxd5 Qxd5 6. Nf3 Qf5 7. Qb3 Nc6
8. Bd2 O-O 9. h3 a5 10. g4 a4 11. Qxb4 Nxb4 12. gxf5 Nc2+ 13. Kd1 Nxa1 14.
Kc1 a3 15. Kb1 axb2 16. Kxb2 exf5 17. Kxa1 Be6 18. Ng5 Bc4 19. e3 Bxf1 20.
Rxf1 Ra6 21. Rb1 b6 22. Nf3 Rfa8 23. Rb2 c6 24. Ne5 b5 25. Nd3 h5 26. Nb4
Rb6 27. f3 Re8 28. Rc2 g5 29. e4 fxe4 30. Bxg5 Nh7 31. Nxe4 Rxe4 32. fxe4
Nxg5 33. Rg2 f6 34. h4 {Black resigns} 1-0

[Event "ICCopen2017"]
[Site "Internet Chess Club"]
[Date "2017.04.02"]
[Round "10"]
[White "F83"]
[Black "Shafkat"]
[Result "1-0"]
[ICCResult "Black resigns"]
[WhiteElo "1916"]
[BlackElo "1641"]
[Opening "Three knights: Steinitz variation"]
[ECO "C46"]
[NIC "KP.06"]
[Time "20:55:16"]
[TimeControl "180+0"]

1. e4 e5 2. Nf3 Nc6 3. Nc3 g6 4. d4 exd4 5. Nxd4 Bg7 6. Nxc6 bxc6 7. Bc4 d6
8. Qf3 Nf6 9. e5 Qe7 10. Qxc6+ Nd7 11. Qxa8 O-O 12. O-O Ba6 13. Qc6 Bxc4 14.
Qxc4 Nxe5 15. Qa4 Re8 16. Nd5 Qd8 17. Nxc7 Re7 18. Nd5 Rb7 19. Re1 Qc8 20.
Be3 Rxb2 21. Ne7+ {Black resigns} 1-0

[Event "ICCopen2017"]
[Site "Internet Chess Club"]
[Date "2017.04.02"]
[Round "10"]
[White "MassCarnage"]
[Black "EddieBarber"]
[Result "1-0"]
[ICCResult "Black checkmated"]
[WhiteElo "1963"]
[BlackElo "1763"]
[Opening "Sicilian: Grand Prix attack, Schofman variation"]
[ECO "B23"]
[NIC "SI.44"]
[Time "20:55:48"]
[TimeControl "180+0"]

1. e4 c5 2. Nc3 Nc6 3. f4 g6 4. Nf3 Bg7 5. Bc4 e6 6. f5 Nge7 7. fxg6 hxg6 8.
d3 O-O 9. O-O d5 10. Bb3 d4 11. Ne2 Na5 12. Qe1 Nxb3 13. axb3 Nc6 14. Bg5
Bf6 15. Qh4 Kg7 16. Qh6+ Kg8 17. Ng3 Ne5 18. Nh5 gxh5 19. Bxf6 Qxf6 20. Qxf6
Ng6 21. Nh4 Nxh4 22. Qxh4 Bd7 23. Qg5+ Kh7 24. Qxh5+ Kg7 25. Qg5+ Kh7 26.
Rf6 Rg8 27. Rh6# {Black checkmated} 1-0

[Event "ICCopen2017"]
[Site "Internet Chess Club"]
[Date "2017.04.02"]
[Round "10"]
[White "Ataraxia"]
[Black "marjose"]
[Result "1-0"]
[ICCResult "Black resigns"]
[WhiteElo "1926"]
[BlackElo "1763"]
[Opening "Dutch: Staunton gambit"]
[ECO "A82"]
[NIC "HD.11"]
[Time "20:55:15"]
[TimeControl "180+0"]

1. d4 f5 2. e4 e6 3. Nc3 fxe4 4. Nxe4 Nf6 5. Bg5 Be7 6. Bxf6 Bxf6 7. Qh5+ g6
8. Qh6 d6 9. O-O-O Nc6 10. Nf3 Bd7 11. d5 Ne5 12. dxe6 Bxe6 13. Bb5+ Bd7 14.
Nxf6+ Qxf6 15. Nxe5 Bxb5 16. Ng4 Qf7 17. Rhe1+ Kd8 18. Qg5+ Kc8 19. Qxb5
Qf4+ 20. Ne3 Qxf2 21. Nd5 Qf8 22. Re7 Qd8 23. Rxc7+ Qxc7 24. Nxc7 Kxc7 25.
Re1 b6 26. Re7+ Kb8 27. Qd7 {Black resigns} 1-0

[Event "ICCopen2017"]
[Site "Internet Chess Club"]
[Date "2017.04.02"]
[Round "10"]
[White "DrDeath"]
[Black "MrNobody84"]
[Result "0-1"]
[ICCResult "White resigns"]
[WhiteElo "1762"]
[BlackElo "1650"]
[Opening "Van't Kruijs opening"]
[ECO "A00"]
[Time "20:55:33"]
[TimeControl "180+0"]

1. e3 c6 2. c4 e5 3. Qc2 Bd6 4. c5 Bc7 5. b4 d5 6. cxd6 Qxd6 7. a3 Nf6 8.
Bb2 O-O 9. Nc3 a5 10. bxa5 Rxa5 11. Nf3 Rc5 12. Qb1 Na6 13. Ng5 Ra5 14. h4
h6 15. f4 exf4 16. Ne2 fxe3 17. dxe3 Nc5 18. Bxf6 Nd3+ 19. Kd2 Qxf6 20. Qxd3
Bf5 21. Ne4 Qxa1 22. Nd4 Rd8 23. Nf6+ gxf6 24. Qxf5 Rxf5 25. Bd3 Qb2+ 26.
Nc2 Rf2+ {White resigns} 0-1

[Event "ICCopen2017"]
[Site "Internet Chess Club"]
[Date "2017.04.02"]
[Round "10"]
[White "rovov"]
[Black "YHWH"]
[Result "1-0"]
[ICCResult "Black resigns"]
[WhiteElo "1766"]
[BlackElo "1526"]
[Opening "English: symmetrical, three knights system"]
[ECO "A05"]
[NIC "EO.42"]
[Time "20:55:22"]
[TimeControl "180+0"]

1. Nf3 Nf6 2. c4 d5 3. cxd5 Nxd5 4. Nc3 c5 5. d3 Nc6 6. g3 Bg4 7. Bg2 e6 8.
O-O Be7 9. a3 O-O 10. Rb1 a6 11. Bd2 Qc7 12. Nxd5 exd5 13. b4 b6 14. bxc5
bxc5 15. Qa4 Bd7 16. Qb3 Be6 17. Qb7 Rfc8 18. Qxc7 Rxc7 19. Bf4 Rcc8 20. Ne5
Nxe5 21. Bxe5 f6 22. Bf4 Ra7 23. Rb6 Bf7 24. Rfb1 Rd7 25. Bh3 Rdd8 26. Bxc8
Rxc8 27. Rxa6 g5 28. Rb8 Rxb8 29. Bxb8 Bd8 30. Bd6 c4 31. dxc4 dxc4 32. Ra8
c3 33. Rxd8+ Kg7 34. Rc8 Kg6 35. Rxc3 Bd5 36. g4 Bb7 37. Rc7 Ba6 38. Bf8
Bxe2 39. Rg7+ Kh6 40. Re7+ Kg6 41. Rxe2 {Black resigns} 1-0

[Event "ICCopen2017"]
[Site "Internet Chess Club"]
[Date "2017.04.02"]
[Round "10"]
[White "Ohanessian"]
[Black "Wilsonpalencia"]
[Result "0-1"]
[ICCResult "White resigns"]
[WhiteElo "2168"]
[BlackElo "2532"]
[Opening "Sicilian: dragon, classical attack"]
[ECO "B72"]
[NIC "SI.16"]
[Time "20:56:54"]
[TimeControl "180+0"]

1. e4 c5 2. Nf3 d6 3. d4 cxd4 4. Nxd4 Nf6 5. Nc3 g6 6. Be3 Bg7 7. Be2 O-O 8.
g4 Nc6 9. g5 Nd7 10. h4 Qb6 11. Nb3 Qb4 12. Qd2 Bxc3 13. bxc3 Qxe4 14. O-O-O
Nde5 15. h5 Bf5 16. Nd4 Nxd4 17. cxd4 Rfc8 18. f3 Qxc2+ 19. Qxc2 Rxc2+ 20.
Kb1 Rxe2+ {White resigns} 0-1

[Event "ICCopen2017"]
[Site "Internet Chess Club"]
[Date "2017.04.02"]
[Round "10"]
[White "TonyYak"]
[Black "NEO2017"]
[Result "0-1"]
[ICCResult "White resigns"]
[WhiteElo "1393"]
[BlackElo "1723"]
[Opening "French defense"]
[ECO "C00"]
[NIC "FR.01"]
[Time "20:55:16"]
[TimeControl "180+0"]

1. e4 e6 2. Nc3 d5 3. exd5 exd5 4. d4 g6 5. Nf3 Bg7 6. Bg5 f6 7. Be3 Ne7 8.
Bb5+ c6 9. Ba4 O-O 10. O-O Nf5 11. Qd3 Nxe3 12. fxe3 f5 13. Bb3 Re8 14. Rae1
Be6 15. Ne2 Kh8 16. Nf4 Bg8 17. c4 dxc4 18. Bxc4 Bxc4 19. Qxc4 Nd7 20. Ne6
Nb6 21. Nxd8 Nxc4 22. Nxb7 Rab8 23. Nc5 Nxe3 24. Ne5 Nxf1 25. Ncd7 Bxe5 26.
Nxb8 Bxd4+ 27. Kxf1 Rxb8 28. b3 c5 29. Re7 a5 30. Rc7 a4 31. bxa4 Ra8 32.
Ke2 Rxa4 33. Kd3 Rxa2 34. Kc4 Rxg2 35. Kd5 Re2 36. h3 f4 37. Rf7 g5 38. h4
gxh4 39. Rxf4 Kg7 40. Rxh4 Kg6 41. Rg4+ Kf5 42. Rh4 Re5+ 43. Kc4 Re7 44.
Rh5+ Kg6 45. Rh3 h5 46. Kd5 Kg5 47. Kd6 Re3 48. Kd5 Rxh3 49. Kc4 Rc3+
{White resigns}
0-1

[Event "ICCopen2017"]
[Site "Internet Chess Club"]
[Date "2017.04.02"]
[Round "10"]
[White "Kusox"]
[Black "SIRPALADIN"]
[Result "1-0"]
[ICCResult "Black resigns"]
[WhiteElo "2106"]
[BlackElo "1886"]
[Opening "Queen's pawn game"]
[ECO "A45"]
[NIC "OI.08"]
[Time "20:56:11"]
[TimeControl "180+0"]

1. d4 Nf6 2. Nc3 c5 3. d5 d6 4. Bg5 Nbd7 5. e4 g6 6. Nf3 Bg7 7. Bd3 O-O 8.
O-O Ng4 9. h3 Nge5 10. Nxe5 Nxe5 11. f4 Nxd3 12. cxd3 a6 13. Kh1 b5 14. Ne2
Bb7 15. Qd2 Rc8 16. Ng3 c4 17. d4 Qb6 18. Rad1 Rfe8 19. f5 b4 20. Qf4 f6 21.
fxg6 hxg6 22. Bh6 e5 23. dxe6 Rxe6 24. Bxg7 Kxg7 25. d5 {Black resigns} 1-0

[Event "ICCopen2017"]
[Site "Internet Chess Club"]
[Date "2017.04.02"]
[Round "10"]
[White "DGint"]
[Black "kutittaja"]
[Result "0-1"]
[ICCResult "White resigns"]
[WhiteElo "1706"]
[BlackElo "1568"]
[Opening "Alekhine's defense: Sämisch attack"]
[ECO "B02"]
[NIC "AL.10"]
[Time "20:55:11"]
[TimeControl "180+0"]

1. e4 Nf6 2. e5 Nd5 3. Nc3 Nxc3 4. dxc3 d5 5. Nf3 c6 6. Bd3 g6 7. O-O Bg7 8.
Re1 O-O 9. Bf4 Nd7 10. Qd2 Re8 11. e6 fxe6 12. Ng5 Nf6 13. Nxe6 Bxe6 14.
Rxe6 Qd7 15. Rae1 a5 16. R6e2 e6 17. Be5 Re7 18. Qf4 Rae8 19. Bxf6 Rf7 20.
Qg4 Rxf6 21. h4 Qf7 22. f3 Rf4 23. Rxe6 Rxg4 24. Rxe8+ Bf8 25. fxg4 Kg7 26.
R8e2 Qf4 27. Rf1 Bc5+ 28. Ref2 Bxf2+ 29. Rxf2 Qxg4 30. Re2 Qxh4 31. Re7+
Qxe7 {White resigns} 0-1

[Event "ICCopen2017"]
[Site "Internet Chess Club"]
[Date "2017.04.02"]
[Round "10"]
[White "croder"]
[Black "Almutairih"]
[Result "1-0"]
[ICCResult "Black forfeits on time"]
[WhiteElo "1571"]
[BlackElo "1321"]
[Opening "Robatsch defense"]
[ECO "B06"]
[NIC "KF.06"]
[Time "20:55:33"]
[TimeControl "180+0"]

1. e4 g6 2. Nc3 Bg7 3. d4 c5 4. d5 d6 5. Nf3 Nf6 6. Bd3 a6 7. O-O O-O 8. Rb1
Bd7 9. Be3 b5 10. a3 Bg4 11. Qd2 Bxf3 12. gxf3 Nbd7 13. Kh1 Ne5 14. Be2 Re8
15. Rg1 h5 16. Rg2 Kh7 17. Rbg1 Rg8 18. f4 Neg4 19. Bxg4 Nxg4 20. h3 Nxe3
21. fxe3 b4 22. axb4 cxb4 23. Ne2 e5 24. f5 Bh6 25. Ng3 Qb6 26. Re1 h4 27.
Nf1 g5 28. f6 Rg6 29. Qf2 Qd8 30. Nh2 Qxf6 31. Qe2 Qe7 32. Ng4 Bg7 33. Rf1
f6 34. Rgf2 Rc8 35. Qxa6 Rc7 36. Qa8 {Black forfeits on time} 1-0

[Event "ICCopen2017"]
[Site "Internet Chess Club"]
[Date "2017.04.02"]
[Round "10"]
[White "vishweshk"]
[Black "Sc6"]
[Result "0-1"]
[ICCResult "White checkmated"]
[WhiteElo "1832"]
[BlackElo "1777"]
[Opening "Sicilian: Najdorf"]
[ECO "B90"]
[NIC "SI.14"]
[Time "20:54:56"]
[TimeControl "180+0"]

1. e4 c5 2. Nf3 d6 3. d4 cxd4 4. Nxd4 Nf6 5. Nc3 a6 6. a4 e5 7. Nb3 Be6 8.
Be2 Nbd7 9. Be3 Bxb3 10. O-O Be6 11. Kh1 Be7 12. a5 O-O 13. f4 exf4 14. Bxf4
Ne5 15. Qe1 Qd7 16. Qg3 Bg4 17. Rad1 Bxe2 18. Nxe2 Qg4 19. Qe1 Nxe4 20. Nd4
Nf6 21. Be3 Rfe8 22. Rf4 Qd7 23. Nf5 Ng6 24. Rf1 Bf8 25. Qg3 d5 26. h4 Ne4
27. Qg4 Ne5 28. Nh6+ Kh8 29. Nxf7+ Qxf7 30. Rxf7 Nxg4 31. Bd4 Ng3+ 32. Kg1
Ne2+ 33. Kf1 Nxd4 34. Rxd4 Re4 35. Rxd5 Ne3+ 36. Kf2 Nxd5 37. Rxb7 Bc5+ 38.
Kf3 Rf4+ 39. Kg3 Raf8 40. Kh3 Re4 41. c4 Re3+ 42. Kh2 Bd6+ 43. g3 Re2+ 44.
Kh3 h5 45. cxd5 Rff2 46. b4 Rh2# {White checkmated} 0-1

[Event "ICCopen2017"]
[Site "Internet Chess Club"]
[Date "2017.04.02"]
[Round "10"]
[White "TudoracheM"]
[Black "mistell"]
[Result "1-0"]
[ICCResult "Black resigns"]
[WhiteElo "1660"]
[BlackElo "1347"]
[Opening "Scandinavian (center counter) defense"]
[ECO "B01"]
[NIC "SD.02"]
[Time "20:55:23"]
[TimeControl "180+0"]

1. e4 d5 2. exd5 Qxd5 3. Nc3 Qd8 4. Bc4 c6 5. d3 Bf5 6. Nge2 Nf6 7. O-O e6
8. Bf4 Bd6 9. Qd2 Qc7 10. Bxd6 Qxd6 11. h3 Qd8 12. Rad1 O-O 13. Ng3 Bg6 14.
Nce4 Nxe4 15. Nxe4 Qe7 16. a4 a5 17. Bb3 Nd7 18. Qe3 Nf6 19. Ng3 Rfd8 20.
Rfe1 Qd7 21. Ne2 Nd5 22. Qd2 Rac8 23. Kh2 Nb4 24. g3 h5 25. Qc3 Nd5 26. Qe5
Qd6 27. Qxd6 Rxd6 28. Ng1 Nb4 29. f4 Rcd8 30. Nf3 Nd5 31. Ne5 Bf5 32. Kg2 h4
33. g4 Bh7 34. Kf3 Nf6 35. Nc4 R6d7 36. Nxa5 Ra8 37. Nc4 Nd5 38. Ne5 Rdd8
39. Nc4 Bg6 40. Ne3 Nb4 41. f5 exf5 42. Nxf5 Bxf5 43. gxf5 Nd5 44. Re4 Re8
45. Rde1 Rxe4 46. Rxe4 Nf6 47. Rxh4 Re8 48. Rb4 Re1 49. Rxb7 Rf1+ 50. Kg2
Rxf5 51. Bxf7+ Kf8 52. Bb3 Nh5 53. Rb6 Rf6 54. a5 Nf4+ 55. Kh2 Ne2 56. a6
Rf2+ 57. Kh1 Rf1+ 58. Kg2 Rf6 59. a7 Nf4+ 60. Kh2 {Black resigns} 1-0

[Event "ICCopen2017"]
[Site "Internet Chess Club"]
[Date "2017.04.02"]
[Round "10"]
[White "domti"]
[Black "Spirals"]
[Result "1-0"]
[ICCResult "Black resigns"]
[WhiteElo "2013"]
[BlackElo "2148"]
[Opening "Sicilian defense"]
[ECO "B20"]
[NIC "SI.48"]
[Time "20:55:52"]
[TimeControl "180+0"]

1. e4 c5 2. c4 Nc6 3. Ne2 e5 4. Nbc3 d6 5. g3 f5 6. Bg2 Nf6 7. O-O Be7 8. d3
O-O 9. f4 fxe4 10. Nxe4 Nd4 11. N2c3 Rb8 12. fxe5 dxe5 13. Nxf6+ Bxf6 14.
Bd5+ Be6 15. Bxe6+ Nxe6 16. Nd5 Nd4 17. Be3 Qd6 18. Bxd4 cxd4 19. Qg4 Kh8
20. Rae1 Rbe8 21. Qh5 g6 22. Qg4 Bg7 23. Rxf8+ Rxf8 24. b4 b6 25. Rf1 Rxf1+
26. Kxf1 Qf8+ 27. Ke2 Qf5 28. h3 h5 29. Qh4 Kh7 30. g4 Qf7 31. gxh5 gxh5 32.
Qe4+ Qg6 33. c5 Qxe4+ 34. dxe4 bxc5 35. bxc5 Bf8 36. c6 Bd6 37. c7 Bxc7 38.
Nxc7 Kg6 39. Nb5 Kg5 40. Kf3 Kh4 41. Kg2 d3 42. Nc3 d2 43. Kh2 Kg5 44. Kg3
h4+ 45. Kf3 a5 46. a4 Kh5 47. Nd1 Kg5 48. Ne3 Kf6 49. Ke2 Ke6 50. Kxd2 Kd6
51. Kc3 Kc5 52. Ng4 Kd6 53. Kc4 Ke6 54. Kc5 {Black resigns} 1-0

[Event "ICCopen2017"]
[Site "Internet Chess Club"]
[Date "2017.04.02"]
[Round "10"]
[White "Zloy17"]
[Black "SPARNALIQ"]
[Result "0-1"]
[ICCResult "White checkmated"]
[WhiteElo "2124"]
[BlackElo "2942"]
[Opening "Trompowsky attack (Ruth, Opocenský opening)"]
[ECO "A45"]
[NIC "QP.07"]
[Time "20:55:50"]
[TimeControl "180+0"]

1. d4 Nf6 2. Bg5 c5 3. d5 Ne4 4. Bf4 Qb6 5. Bc1 g6 6. f3 Nf6 7. e4 Bg7 8.
Ne2 O-O 9. Nec3 e6 10. Bc4 exd5 11. Bxd5 Nc6 12. O-O Nd4 13. Nd2 Re8 14. Nc4
Qc7 15. Be3 b5 16. Bxa8 bxc4 17. Nd5 Nxd5 18. Bxd5 Bb7 19. Bxc4 d5 20. Bxd5
Bxd5 21. c3 Bc4 22. cxd4 cxd4 23. Qa4 Rc8 24. Bd2 Bxf1 25. Rxf1 Qb6 26. Rc1
Rb8 27. b3 d3+ 28. Kf1 Qd6 29. f4 Bd4 30. Qc6 Qd8 31. Qc7 Qh4 32. Qxb8+ Kg7
33. Be1 Qg4 34. Bf2 Qe2+ 35. Kg1 Qxf2+ 36. Kh1 d2 37. Rd1 Qe1+ 38. Rxe1
dxe1=R# {White checkmated} 0-1

[Event "ICCopen2017"]
[Site "Internet Chess Club"]
[Date "2017.04.02"]
[Round "10"]
[White "yijiqishi"]
[Black "Rluis"]
[Result "1-0"]
[ICCResult "Black checkmated"]
[WhiteElo "1936"]
[BlackElo "1321"]
[Opening "King's Indian: 3.g3"]
[ECO "E60"]
[NIC "KI.80"]
[Time "20:55:14"]
[TimeControl "180+0"]

1. d4 Nf6 2. c4 g6 3. g3 c6 4. Bg2 d5 5. Nc3 Bg7 6. Nf3 dxc4 7. a4 Nd5 8.
Ne5 Bxe5 9. dxe5 Nxc3 10. Qxd8+ Kxd8 11. bxc3 Be6 12. Ba3 Ke8 13. O-O-O Na6
14. f4 Nc7 15. e4 f5 16. exf5 Bxf5 17. Kb2 Kf7 18. h3 Rad8 19. g4 Bd3 20.
Rhe1 e6 21. Bd6 Nd5 22. Bxd5 cxd5 23. Ka3 Rc8 24. Rd2 Rc6 25. Rb2 b6 26. a5
Rd8 27. axb6 axb6 28. Rb5 Ra8+ 29. Kb2 Ke8 30. Ra1 Rxa1 31. Kxa1 Kd7 32. Kb2
Kc8 33. Kc1 Kb7 34. Kd2 Rc8 35. Ke3 Ra8 36. Rb2 Ra1 37. Kf2 Rf1+ 38. Kg3 Kc6
39. Be7 Be4 40. Bd8 Rf3+ 41. Kh4 Rxc3 42. Rxb6+ Kc5 43. Rb2 Rc2 44. Be7+ Kd4
45. Rb1 Ra2 46. Rd1+ Bd3 47. Bb4 c3 48. Kg5 c2 49. Rc1 Kc4 50. Bd2 Rb2 51.
Kf6 Rb1 52. Kxe6 Rxc1 53. Bxc1 Bf1 54. Kf6 Bxh3 55. e6 d4 56. e7 d3 57. e8=Q
Kc3 58. Qe1+ Kb3 59. Qd2 Bf1 60. f5 gxf5 61. gxf5 Ka2 62. Qc3 Kb1 63. Qb2#
{Black checkmated}
1-0

[Event "ICCopen2017"]
[Site "Internet Chess Club"]
[Date "2017.04.02"]
[Round "10"]
[White "DaveyJones"]
[Black "snaillike"]
[Result "0-1"]
[ICCResult "White resigns"]
[WhiteElo "1451"]
[BlackElo "1337"]
[Opening "English opening"]
[ECO "A10"]
[NIC "EO.64"]
[Time "20:55:27"]
[TimeControl "180+0"]

1. c4 d5 2. cxd5 e6 3. dxe6 Bxe6 4. Nf3 Nf6 5. e3 Bd6 6. Be2 O-O 7. d4 Qc8
8. Nc3 a6 9. e4 Bb4 10. Qc2 Bg4 11. O-O Bxc3 12. bxc3 Re8 13. e5 Nh5 14. Bg5
Re6 15. Qd2 Rg6 16. Bd3 Bxf3 17. Bxg6 Qg4 18. Bxf7+ Kxf7 19. g3 Qh3 20. e6+
Kg8 {White resigns} 0-1

[Event "ICCopen2017"]
[Site "Internet Chess Club"]
[Date "2017.04.02"]
[Round "10"]
[White "MeneerMandje"]
[Black "chavo"]
[Result "1-0"]
[ICCResult "Black resigns"]
[WhiteElo "2098"]
[BlackElo "2297"]
[Opening "Ruy Lopez: Anderssen variation"]
[ECO "C77"]
[NIC "RL.12"]
[Time "20:55:24"]
[TimeControl "180+0"]

1. e4 e5 2. Nf3 Nc6 3. Bb5 a6 4. Ba4 Nf6 5. d3 b5 6. Bb3 Bc5 7. Nc3 d6 8.
Nd5 h6 9. c3 O-O 10. Nxf6+ Qxf6 11. Bd5 Bb7 12. Rg1 Nd8 13. g4 Ne6 14. Bxb7
Rae8 15. Bd5 a5 16. Be3 a4 17. a3 Bxe3 18. fxe3 Nd8 19. Qe2 c6 20. Ba2 d5
21. exd5 e4 22. dxe4 Rxe4 23. O-O-O c5 24. Bb1 Re7 25. g5 hxg5 26. Nxg5 Rfe8
27. Qh5 Rxe3 28. Rg3 Re1 29. Qh7+ Kf8 30. Qh8+ Ke7 31. Rxe1+ Kd6 32. Qxe8
{Black resigns}
1-0

[Event "ICCopen2017"]
[Site "Internet Chess Club"]
[Date "2017.04.02"]
[Round "10"]
[White "TomorrowLand"]
[Black "Ricardov"]
[Result "0-1"]
[ICCResult "White resigns"]
[WhiteElo "1921"]
[BlackElo "2261"]
[Opening "Sicilian: dragon variation"]
[ECO "B70"]
[NIC "SI.15"]
[Time "20:56:16"]
[TimeControl "180+0"]

1. e4 c5 2. Nf3 d6 3. d4 cxd4 4. Nxd4 Nf6 5. Nc3 g6 6. g3 Nc6 7. Nde2 Bd7 8.
Bg2 Qc8 9. Bg5 Bg7 10. Nd5 Nxd5 11. exd5 Ne5 12. h3 h6 13. Bf4 Nc4 14. b3
Bxa1 15. Qxa1 Ne5 16. Bxe5 dxe5 17. Qxe5 O-O 18. c4 b5 19. Qd4 bxc4 20. bxc4
Rb8 21. O-O Bxh3 22. Nf4 Bxg2 23. Kxg2 Rb4 24. Rc1 Qa6 25. Qd3 Rc8 26. c5
Qxd3 27. Nxd3 Rd4 28. Nf4 g5 29. Ne2 Rxd5 30. Rb1 Rdxc5 31. Rb7 R8c7 32.
Rb8+ Kg7 33. Rb4 Rc2 34. Re4 Rxa2 35. Nd4 e6 36. Nb5 Rd7 37. Nc3 Ra3 38. Nd1
Rxd1 {White resigns} 0-1

[Event "ICCopen2017"]
[Site "Internet Chess Club"]
[Date "2017.04.02"]
[Round "10"]
[White "Tlaloc"]
[Black "jefferyx"]
[Result "0-1"]
[ICCResult "White forfeits on time"]
[WhiteElo "2505"]
[BlackElo "2761"]
[Opening "Réti opening"]
[ECO "A04"]
[NIC "QP.10"]
[Time "20:55:20"]
[TimeControl "180+0"]

1. Nf3 c5 2. d3 Nc6 3. g3 g6 4. Bg2 Bg7 5. O-O d5 6. Nbd2 Nf6 7. e4 O-O 8.
Re1 e5 9. exd5 Nxd5 10. a3 h6 11. Rb1 a5 12. Ne4 b6 13. c4 Nde7 14. Nc3 Bf5
15. Re3 Qd7 16. Nh4 Be6 17. Re1 Rad8 18. Qb3 Rb8 19. Be3 f5 20. Rbd1 Kh7 21.
Nd5 g5 22. Nxe7 Nxe7 23. Nf3 Ng6 24. Bd2 Qc7 25. Bc3 b5 26. Qc2 bxc4 27.
dxc4 e4 28. Nd2 Bxc3 29. Qxc3 Qe5 30. Qxe5 Nxe5 31. Nxe4 fxe4 32. Bxe4+ Kg7
33. Bg2 Bg4 34. Rd5 Nf3+ 35. Bxf3 Bxf3 36. Rxc5 Rxb2 37. Rxa5 Re8 38. Ra7+
Kg6 39. Rf1 Be2 40. Rc1 Bf3 41. Ra6+ Kh5 42. h3 g4 43. h4 Rc2 44. Rb1 Re5
45. c5 Rce2 46. Kh2 Rxf2+ 47. Kg1 Rb2 48. Kf1 Rh2 {White forfeits on time}
0-1

[Event "ICCopen2017"]
[Site "Internet Chess Club"]
[Date "2017.04.02"]
[Round "10"]
[White "splashlee2010"]
[Black "dynova"]
[Result "0-1"]
[ICCResult "White forfeits on time"]
[WhiteElo "1268"]
[BlackElo "1986"]
[Opening "Alekhine's defense: exchange variation"]
[ECO "B02"]
[NIC "AL.08"]
[Time "20:56:11"]
[TimeControl "180+0"]

1. e4 Nf6 2. e5 Nd5 3. c4 Nb6 4. d4 d6 5. exd6 exd6 6. Bd3 Be7 7. Nf3 O-O 8.
O-O Bg4 9. h3 Bxf3 10. Qxf3 Nc6 11. Be3 Bf6 12. Qg4 Qd7 13. Nc3 Qxg4 14.
hxg4 Bxd4 15. Nb5 Bxe3 16. fxe3 Ne5 17. Be2 a6 18. Nxc7 Rac8 19. Nd5 Nxd5
20. cxd5 Rc2 21. Bd1 Rxb2 22. g5 Rc8 23. e4 Rc3 24. Rf2 Rxf2 25. Kxf2 Nd3+
26. Ke2 Nc5 27. e5 dxe5 28. Bb3 Nxb3 29. axb3 Rc8 30. d6 Rd8 31. Rd1 f6 32.
gxf6 gxf6 33. Ke3 Kf7 34. Ke4 Ke6 35. g4 Rxd6 36. Rh1 Rd4+ 37. Kf3 Rf4+ 38.
Kg3 Rb4 39. Rxh7 Rxb3+ 40. Kf2 a5 41. Rc7 a4 42. Rc8 b5 43. Rb8 a3 44. Ra8
Rb2+ 45. Ke1 a2 46. Kd1 Rb1+ 47. Kc2 a1=Q {White forfeits on time} 0-1

[Event "ICCopen2017"]
[Site "Internet Chess Club"]
[Date "2017.04.02"]
[Round "10"]
[White "fisherino"]
[Black "cloak1"]
[Result "0-1"]
[ICCResult "White resigns"]
[WhiteElo "1553"]
[BlackElo "1804"]
[Opening "Alekhine's defense"]
[ECO "B03"]
[NIC "AL.09"]
[Time "20:56:37"]
[TimeControl "180+0"]

1. e4 Nf6 2. e5 Nd5 3. d4 Nb6 4. Nf3 d5 5. Bd3 Bg4 6. c3 e6 7. O-O Be7 8.
Bf4 c5 9. Nbd2 Nc6 10. dxc5 Bxc5 11. Bg5 Qxg5 12. Nxg5 Bxd1 13. Raxd1 Nxe5
14. Bb5+ Nc6 15. Nb3 Be7 16. Na5 Bxg5 17. Nxb7 Kd7 18. Nc5+ Kd6 19. Nb7+ Kc7
20. Bxc6 Kxc6 21. Na5+ Kc7 22. f4 Be7 23. f5 e5 24. Nb3 f6 25. g4 Rad8 26.
Nd2 Nc4 27. b3 Ne3 28. Rfe1 Nxd1 29. Rxd1 {White resigns} 0-1

[Event "ICCopen2017"]
[Site "Internet Chess Club"]
[Date "2017.04.02"]
[Round "10"]
[White "spoks7th"]
[Black "yummy2"]
[Result "0-1"]
[ICCResult "White resigns"]
[WhiteElo "2129"]
[BlackElo "2650"]
[Opening "Evans gambit declined"]
[ECO "C51"]
[NIC "IG.05"]
[Time "20:55:34"]
[TimeControl "180+0"]

1. e4 e5 2. Nf3 Nc6 3. Bc4 Bc5 4. b4 Bb6 5. Nc3 d6 6. a4 a6 7. Nd5 Ba7 8.
O-O Nf6 9. d3 Nxd5 10. Bxd5 Nxb4 11. Bc4 O-O 12. Bg5 Qe8 13. Rb1 Nc6 14. Nh4
Na5 15. Bd5 c6 16. Ba2 b5 17. Nf5 Be6 18. Nxd6 Qd7 19. Bxe6 fxe6 20. Qd2
Qxd6 21. Qxa5 Qc5 22. Be3 Qxc2 23. Bxa7 Rxa7 24. Qb6 Raf7 25. axb5 Rxf2
{White resigns}
0-1

[Event "ICCopen2017"]
[Site "Internet Chess Club"]
[Date "2017.04.02"]
[Round "10"]
[White "nahuels1992"]
[Black "tenho"]
[Result "0-1"]
[ICCResult "White resigns"]
[WhiteElo "1682"]
[BlackElo "1966"]
[Opening "Sicilian: Hungarian variation"]
[ECO "B27"]
[NIC "SI.43"]
[Time "20:55:37"]
[TimeControl "180+0"]

1. e4 c5 2. Nf3 g6 3. d4 Bg7 4. Nc3 Qa5 5. Be3 Nf6 6. h3 Nxe4 7. Qd3 Nxc3 8.
Qxc3 Qxc3+ 9. bxc3 cxd4 10. cxd4 d5 11. Bd3 Nc6 12. O-O O-O 13. Rab1 b6 14.
c4 dxc4 15. Be4 Bb7 16. Rfc1 Rac8 17. Rxc4 Na5 18. Rxc8 Rxc8 19. Bxb7 Nxb7
20. Rc1 Rxc1+ 21. Bxc1 Nd6 22. Kf1 Nb5 23. Be3 Nc3 24. a3 Nb5 25. a4 Nc3 26.
a5 bxa5 27. Bd2 Nb5 28. Bxa5 Nxd4 29. Nxd4 Bxd4 30. Ke2 Kg7 31. f3 Kf6 32.
Kd2 Ke6 33. Kd3 Kd5 34. g4 f5 35. f4 e5 36. fxe5 Bxe5 37. gxf5 gxf5 38. Ke3
Kc4 39. Kf3 Kb5 40. Bd2 a5 41. Bh6 a4 42. Bf8 Kc4 43. Ke3 Kb3 44. Kd3 a3 45.
Bxa3 Kxa3 46. Kc4 f4 47. Kd3 Kb3 48. Ke4 Kc2 49. h4 Kd2 50. h5 Ke2 51. h6 f3
52. Kxe5 f2 53. Kf6 f1=Q+ 54. Kg7 Qf5 55. Kg8 Qg6+ 56. Kh8 Qxh6 57. Kg8 Qg6+
58. Kh8 Qg5 59. Kxh7 Kf3 60. Kh8 Kf4 61. Kh7 Kf5 {White resigns} 0-1